[ AOE2 MATCH · #513719050 ]
UnrankedSicilians vs Magyars
Player's team · WIN
Rival team · LOSS
[ REPLAY ANALYSIS · EXTRACTED FROM THE RECORDED GAME ]
Feudal
11:00
Castle
—
Imperial
—
| APM avg | 45.0 |
| APM peak | 89 |
| eAPM avg | 18.8 |
| Villagers / military | 49 / 6 |
Focus
⚔️ 40.3% · 🌾 59.7%
Serjeant ×6
Feudal
13:04
Castle
—
Imperial
—
| APM avg | 47.6 |
| APM peak | 78 |
| eAPM avg | 15.7 |
| Villagers / military | 30 / 2 |
Focus
⚔️ 19.8% · 🌾 80.2%
Archer ×2
Match map
Initial resources + every placement click. Lines = walls · curves = elevation contours. ◆ gold · ⬟ stone · ● berries · ✦ relic · ◌ wall gap
Your base· Open — unwalled flank
eloty's base· Open — unwalled flank
Smoothed initial terrain · ◌ = detected wall gap · hover for details
Inputs per minute
— CTM | Nicodemus - - eloty
Build order — CTM | Nicodemus
90 actions detected in the replay
| 0:02 | Queue | Villager (Male) |
| 0:02 | Queue | Villager (Male) |
| 0:02 | Queue | Villager (Male) |
| 0:02 | Queue | Villager (Male) |
| 0:02 | Queue | Villager (Male) |
| 0:04 | Build | House |
| 0:06 | Build | House |
| 1:35 | Queue | Villager (Male) |
| 1:35 | Queue | Villager (Male) |
| 1:35 | Queue | Villager (Male) |
| 1:56 | Queue | Villager (Male) |
| 1:56 | Queue | Villager (Male) |
| 1:56 | Queue | Villager (Male) |
| 1:56 | Queue | Villager (Male) |
| 1:56 | Queue | Villager (Male) |
| 2:12 | Queue | Villager (Male) |
| 2:12 | Queue | Villager (Male) |
| 2:12 | Queue | Villager (Male) |
| 2:12 | Queue | Villager (Male) |
| 3:00 | Queue | Villager (Male) |
| 3:00 | Queue | Villager (Male) |
| 3:19 | Queue | Villager (Male) |
| 3:19 | Queue | Villager (Male) |
| 3:45 | Queue | Villager (Male) |
| 4:03 | Build | House |
| 4:10 | Queue | Villager (Male) |
| 4:29 | Build | House |
| 4:39 | Queue | Villager (Male) |
| 4:39 | Queue | Villager (Male) |
| 4:52 | Build | Lumber Camp |
| 5:27 | Queue | Villager (Male) |
| 5:52 | Queue | Villager (Male) |
| 5:52 | Queue | Villager (Male) |
| 5:52 | Queue | Villager (Male) |
| 5:52 | Queue | Villager (Male) |
| 6:30 | Queue | Villager (Male) |
| 6:37 | Queue | Villager (Male) |
| 6:43 | Queue | Villager (Male) |
| 7:05 | Queue | Villager (Male) |
| 7:11 | Build | Mill |
| 8:43 | Research | Feudal Age |
| 9:00 | Research | Loom |
| 10:14 | Build | Lumber Camp |
| 10:16 | Queue | Villager (Male) |
| 10:59 | Queue | Villager (Male) |
| 11:00 | Age | Feudal Age |
| 11:07 | Build | Donjon |
| 11:15 | Queue | Villager (Male) |
| 11:17 | Research | Double-Bit Axe |
| 11:42 | Build | Mining Camp |
| 11:52 | Queue | Villager (Male) |
| 12:18 | Build | House |
| 12:27 | Research | Town Watch |
| 12:28 | Queue | Serjeant |
| 12:28 | Queue | Serjeant |
| 12:48 | Research | Horse Collar |
| 12:51 | Queue | Villager (Male) |
| 12:57 | Queue | Serjeant |
| 13:07 | Queue | Villager (Male) |
| 13:15 | Queue | Serjeant |
| 13:20 | Build | Mining Camp |
| 13:30 | Build | House |
| 13:42 | Queue | Serjeant |
| 13:56 | Build | House |
| 13:59 | Queue | Villager (Male) |
| 13:59 | Queue | Villager (Male) |
| 14:09 | Queue | Serjeant |
| 14:11 | Queue | Villager (Male) |
| 14:16 | Build | Farm |
| 14:17 | Build | Farm |
| 14:17 | Build | Farm |
| 14:17 | Build | Farm |
| 14:17 | Build | Farm |
| 14:32 | Build | House |
| 14:33 | Build | House |
| 14:37 | Build | House |
| 14:43 | Build | Farm |
| 15:00 | Queue | Villager (Male) |
| 15:01 | Queue | Villager (Male) |
| 15:15 | Build | Palisade Wall |
| 15:20 | Build | Farm |
| 15:41 | Queue | Villager (Male) |
| 15:55 | Build | Blacksmith |
| 16:22 | Queue | Villager (Male) |
| 16:22 | Queue | Villager (Male) |
| 16:22 | Queue | Villager (Male) |
| 16:47 | Build | House |
| 16:53 | Research | Scale Mail Armor |
| 17:21 | Build | Farm |
| 17:24 | Build | House |
Build order — eloty
67 actions detected in the replay
| 0:00 | Queue | Villager (Male) |
| 0:02 | Build | House |
| 0:03 | Build | House |
| 0:19 | Queue | Villager (Male) |
| 0:19 | Queue | Villager (Male) |
| 0:22 | Queue | Villager (Male) |
| 1:22 | Queue | Villager (Male) |
| 2:02 | Queue | Villager (Male) |
| 2:09 | Build | Lumber Camp |
| 2:22 | Queue | Villager (Male) |
| 2:34 | Build | House |
| 2:59 | Queue | Villager (Male) |
| 3:23 | Queue | Villager (Male) |
| 4:26 | Queue | Villager (Male) |
| 4:45 | Queue | Villager (Male) |
| 5:26 | Queue | Villager (Male) |
| 5:30 | Build | Mill |
| 5:33 | Queue | Villager (Male) |
| 6:12 | Queue | Villager (Male) |
| 6:30 | Queue | Villager (Male) |
| 6:37 | Queue | Villager (Male) |
| 7:06 | Research | Loom |
| 7:47 | Queue | Villager (Male) |
| 8:20 | Build | House |
| 8:26 | Build | Palisade Wall |
| 8:38 | Queue | Villager (Male) |
| 8:47 | Build | Mill |
| 9:14 | Build | Palisade Wall |
| 9:21 | Build | Palisade Wall |
| 9:24 | Build | Palisade Wall |
| 9:25 | Build | Palisade Wall |
| 9:26 | Build | Palisade Wall |
| 9:37 | Build | Palisade Wall |
| 9:38 | Queue | Villager (Male) |
| 9:40 | Queue | Villager (Male) |
| 9:43 | Build | Farm |
| 9:43 | Build | Farm |
| 9:43 | Build | Farm |
| 9:44 | Build | Farm |
| 10:18 | Queue | Villager (Male) |
| 10:43 | Build | Farm |
| 10:54 | Research | Feudal Age |
| 12:25 | Build | House |
| 12:29 | Queue | Villager (Male) |
| 12:46 | Build | Farm |
| 13:04 | Age | Feudal Age |
| 13:36 | Build | Barracks |
| 13:42 | Build | Farm |
| 13:46 | Queue | Villager (Male) |
| 14:05 | Queue | Villager (Male) |
| 14:12 | Build | Archery Range |
| 14:13 | Queue | Villager (Male) |
| 14:23 | Queue | Villager (Male) |
| 14:45 | Build | Mining Camp |
| 14:48 | Build | Palisade Wall |
| 15:05 | Build | House |
| 15:06 | Build | Palisade Wall |
| 15:16 | Queue | Archer |
| 15:37 | Queue | Archer |
| 15:45 | Build | House |
| 15:58 | Build | Watch Tower |
| 16:09 | Build | Palisade Wall |
| 16:12 | Build | Palisade Wall |
| 16:32 | Queue | Villager (Male) |
| 16:44 | Queue | Villager (Male) |
| 16:50 | Queue | Villager (Male) |
| 17:24 | Queue | Villager (Male) |
Match timeline
| 8:26 | eloty · wall_segment Palisade Wall x1 |
| 9:14 | eloty · wall_segment Palisade Wall x1 |
| 9:21 | eloty · wall_segment Palisade Wall x1 |
| 9:24 | eloty · wall_segment Palisade Wall x1 |
| 9:25 | eloty · wall_segment Palisade Wall x1 |
| 9:26 | eloty · wall_segment Palisade Wall x1 |
| 9:37 | eloty · wall_segment Palisade Wall x1 |
| 11:00 | CTM | Nicodemus · age_up feudal |
| 11:07 | CTM | Nicodemus · first_building Donjon |
| 13:04 | eloty · age_up feudal |
| 13:36 | eloty · first_building Barracks |
| 14:12 | eloty · first_building Archery Range |
| 14:48 | eloty · wall_segment Palisade Wall x1 |
| 15:06 | eloty · wall_segment Palisade Wall x3 |
| 15:15 | CTM | Nicodemus · wall_segment Palisade Wall x1 |
| 16:09 | eloty · wall_segment Palisade Wall x1 |
| 16:12 | eloty · wall_segment Palisade Wall x1 |
| 17:27 | eloty · resign |
[ AI ANALYSIS · 1 CREDIT ]
What really happened in this match?
Wolo.gg analyzes every decision: build order, eco, micro, common mistakes by bracket. Personalized analysis on WhatsApp or Discord in 30 seconds.
Civ guide
Sicilians
Perfil
Jugador #21095816